 Dungeon Crawl Stone Soup version 0.22-a0-305-gd21a89c (webtiles) character file.

3173 Amnesiac the Destroyer (level 9, -5/57 HPs)
             Began as a Mummy Conjurer on Mar 31, 2018.
             Was an Elder of Sif Muna.
             Slain by a wyvern (16 damage)
             ... on level 8 of the Dungeon.
             The game lasted 00:10:10 (6979 turns).

Amnesiac the Destroyer (Mummy Conjurer)             Turns: 6979, Time: 00:10:10

Health: -5/57      AC:  4    Str: 11    XL:     9   Next: 63%
Magic:  0/22       EV: 12    Int: 18    God:    Sif Muna [****..]
Gold:   310        SH:  0    Dex: 12    Spells: 20/27 levels left

rFire    x . .     SeeInvis .   p - +2 dagger (speed)
rCold    + + .     Gourm    .   (no shield)
rNeg     + + +     Faith    .   a - +0 robe
rPois    ∞         Spirit   .   m - +1 hat
rElec    .         Reflect  .   n - +0 cloak
rCorr    .         Harm     .   (no gloves)
MR       +....                  (no boots)
Stlth    ++........             (no amulet)
HPRegen  0.19/turn              j - ring of protection from cold
MPRegen  0.18/turn              (no ring)

@: no casting
A: no food or potions, fire vulnerability, cold resistance 1, negative energy
resistance 3, torment resistance, unbreathing
a: Stop Divine Energy, Channel Magic, Forget Spell, Renounce Religion


You were on level 8 of the Dungeon.
You worshipped Sif Muna.
Sif Muna was greatly pleased with you.
You were not hungry.

You visited 2 branches of the dungeon, and saw 9 of its levels.

You collected 310 gold pieces.

Inventory:

Hand Weapons
 c - a +0 hunting sling
 p - a +2 dagger of speed (weapon)
 r - a +0 dagger of venom
Missiles
 g - 57 sling bullets
 h - 151 stones (quivered)
Armour
 a - a +0 robe (worn)
 m - a +1 hat (worn)
 n - a +0 cloak (worn)
Jewellery
 j - a ring of protection from cold (left hand)
Wands
 o - a wand of disintegration (26)
Scrolls
 b - 3 scrolls of identify {!r}
 d - 4 scrolls of remove curse {!r}
 e - a scroll of blinking {!r}
 f - 2 scrolls of fog {!r}
 i - a scroll of enchant armour {!r}
 k - 3 scrolls of teleportation {!r}
 l - 2 scrolls of amnesia {!r}
 q - a scroll of immolation {!r, unknown}
 s - a scroll of magic mapping {!r, unknown}


   Skills:
 - Level 1.5 Dodging
 - Level 1.5 Stealth
 + Level 9.8 Spellcasting
 * Level 9.9 Conjurations


You had 20 spell levels left.
You knew the following spells:

 Your Spells              Type           Power        Failure   Level  Hunger
a - Iskenderun's Mystic   Conj           #####...     1%          4    N/A
b - Magic Dart            Conj           ####         1%          1    N/A
d - Searing Ray           Conj           #####.       1%          2    N/A

Dungeon Overview and Level Annotations

Branches:
Dungeon (8/15)             Temple (1/1) D:7
   Lair: D:8-11

Altars:
Ashenzari
Elyvilon
Makhleb
Qazlal
Ru
Sif Muna
Uskayaw

Shops:
D:8 (


Innate Abilities, Weirdness & Mutations

You do not eat or drink.
Your flesh is vulnerable to fire.
You are immune to poison.
Your flesh is cold resistant. (rC+)
You are immune to negative energy. (rN+++)
You are immune to unholy pain and torment.
You can survive without breathing.


Message History

The adder bites you but does no damage.
The howler monkey hoots and howls with incredible vigour!
You hear a shout! x4; You hear a howl!
The wyvern closely misses you.
Casting: Iskenderun's Mystic Blast (safe; 1% risk of failure)
Confirm with . or Enter, or press ? or * to list all spells.
Aiming: Iskenderun's Mystic Blast (safe; 1% risk of failure)
Press: ? - help, Shift-Dir - straight line, f/p - adder
Aim: an adder The orb of energy hits the wyvern.
The wyvern is lightly wounded.
Sif Muna grants you divine energy.
You briefly lose access to your magic!
The wyvern bites you!
The howler monkey hoots and howls with incredible vigour!
You hear a shout!
You are unable to access your magic!
You are unable to access your magic!
You are unable to access your magic!
The wyvern bites you!
You regain access to your magic.
The wyvern barely misses you.
Casting: Iskenderun's Mystic Blast (safe; 1% risk of failure)
Confirm with . or Enter, or press ? or * to list all spells.
Aiming: Iskenderun's Mystic Blast (safe; 1% risk of failure)
Press: ? - help, Shift-Dir - straight line, f/p - adder
Aim: an adder The orb of energy hits the wyvern.
The wyvern is lightly wounded.
The orb of energy explodes!
The mystic blast hits the adder.
You kill the adder!
Sif Muna accepts your kill. Sif Muna grants you divine energy.
You briefly lose access to your magic!
The wyvern misses you. The wyvern barely misses you.
The wyvern closely misses you.
The howler monkey hoots and howls with incredible vigour!
You regain access to your magic.
The wyvern bites you!
* * * LOW HITPOINT WARNING * * *
Casting: Iskenderun's Mystic Blast (safe; 1% risk of failure)
Confirm with . or Enter, or press ? or * to list all spells.
Aiming: Iskenderun's Mystic Blast (safe; 1% risk of failure)
Press: ? - help, Shift-Dir - straight line, f - wyvern
Aim: a wyvern (lightly wounded)
The orb of energy hits the wyvern.
The wyvern is heavily wounded.
The orb of energy explodes!
Sif Muna grants you divine energy.
You briefly lose access to your magic!
The wyvern bites you!
* * * LOW HITPOINT WARNING * * *
The howler monkey dissolves into shadows!
The wyvern bites you but does no damage.
You regain access to your magic.
The wyvern closely misses you.
Casting: Iskenderun's Mystic Blast (safe; 1% risk of failure)
Confirm with . or Enter, or press ? or * to list all spells.
Aiming: Iskenderun's Mystic Blast (safe; 1% risk of failure)
Press: ? - help, Shift-Dir - straight line, f/p - wyvern
Aim: a wyvern (heavily wounded)
The orb of energy hits the wyvern.
The wyvern is severely wounded.
The orb of energy explodes!
Sif Muna grants you divine energy.
You briefly lose access to your magic!
The wyvern bites you!
You die...

...#.....#####.# #.#.###.#####
...#.....# #.# #.#.#.......# .
#.#+#.# #.# #.#.#.#.##.## ..#.#
#.# #.# #.#.#.#.#..# ......#.#
#.# #.#.#.#.#..##
#.....#.#####.# #.#.........#
#...........#.# #.#...#.#'#.#
#.#+#.#.###.#.#####.#...#.+∩+.#
#.#.#.#.#.l@........#.#'### #
#...#.#######.##..###..#
#.#.........#..........#
#.#.#.#.###.####..######
#.#...^.###.#.....#
.......#.#......#..#
....#.###.#.#.##.#..#
#####.#.)...#....#..#
..#.#.########..#


You could see a wyvern.

Vanquished Creatures
  Pikel (D:6)
  Menkaure (D:7)
  Edmund (D:5)
  A water moccasin (D:7)
  An orc warrior (D:8)
  4 ice beasts
  A slave (D:6)
  A phantom (D:5)
  6 ogres
  A centaur (D:5)
  2 bullfrogs
  A water moccasin zombie (D:5)
  2 scorpions
  A howler monkey (D:4)
  2 crimson imps
  A bullfrog zombie (D:6)
  A quasit (D:6)
  3 hounds (D:8)
  2 jellies
  5 orc wizards
  3 orc priests
  A bullfrog skeleton (D:5)
  2 iguanas
  5 worker ants
  6 adders
  A howler monkey skeleton (D:5)
  2 shadow imps
  3 oozes
  An adder skeleton (D:4)
  3 worms
  A dart slug (D:2)
  A leopard gecko (D:1)
  17 orcs
  6 giant cockroaches
  5 hobgoblins
  16 jackals
  5 quokkas
  4 ball pythons
  10 bats
  7 frilled lizards
  7 goblins
  10 kobolds
  2 quokka skeletons
  6 rats
162 creatures vanquished.

Notes
Turn   | Place    | Note
-------+----------+-------------------------------------------
     0 | D:1      | Amnesiac the Mummy Conjurer began the quest for the Orb.
     0 | D:1      | Reached XP level 1. HP: 13/13 MP: 4/4
   144 | D:2      | Reached XP level 2. HP: 5/19 MP: 0/6
   323 | D:2      | Learned a level 2 spell: Searing Ray
   455 | D:2      | Found a faded altar of an unknown god.
   494 | D:2      | Found a sacrificial altar of Ru.
   496 | D:2      | Found a deep blue altar of Sif Muna.
   510 | D:2      | Became a worshipper of Sif Muna the Loreminder
   577 | D:2      | Found a hide-covered altar of Uskayaw.
   841 | D:1      | Reached XP level 3. HP: 18/24 MP: 1/7
  1449 | D:1      | Reached XP level 4. HP: 30/30 MP: 8/8
  1476 | D:1      | Learned a level 4 spell: Iskenderun's Mystic Blast
  1820 | D:2      | Found a stormy altar of Qazlal.
  2117 | D:3      | Found a sacrificial altar of Ru.
  2282 | D:3      | Reached * piety under Sif Muna
  2282 | D:3      | Reached XP level 5. HP: 15/35 MP: 0/11
  2525 | D:3      | Found a white marble altar of Elyvilon.
  3016 | D:4      | Reached skill level 5 in Conjurations
  3028 | D:4      | Reached skill level 5 in Spellcasting
  3392 | D:4      | Reached XP level 6. HP: 26/41 MP: 4/13
  3696 | D:4      | Reached ** piety under Sif Muna
  3724 | D:4      | Reached XP level 7. HP: 46/46 MP: 0/15
  3916 | D:5      | Entered Level 5 of the Dungeon
  4842 | D:5      | Reached XP level 8. HP: 52/52 MP: 9/18
  4888 | D:5      | Noticed Edmund
  4922 | D:5      | Killed Edmund
  5067 | D:5      | Reached *** piety under Sif Muna
  5219 | D:5      | Found a shattered altar of Ashenzari.
  5444 | D:6      | Noticed Pikel
  5479 | D:6      | Killed Pikel
  5479 | D:6      | Reached XP level 9. HP: 47/57 MP: 0/21
  6104 | D:7      | Found a staircase to the Ecumenical Temple.
  6147 | D:7      | Found a burning altar of Makhleb.
  6237 | D:7      | Noticed Menkaure
  6239 | D:7      | Killed Menkaure
  6239 | D:7      | Reached **** piety under Sif Muna
  6439 | Temple   | Entered the Ecumenical Temple
  6538 | D:8      | Found Gate's Weapon Emporium.
  6791 | D:8      | Noticed a two-headed ogre
  6979 | D:8      | Slain by a wyvern

Vault maps used:
D:1:      onia_arrival_handbag
D:2:      nicolae_qazlal_eye_of_the_storm,
          chequers_temple_overflow_statue_of_worship,
          nicolae_overflow_crystal_walls, chequers_ecumenical_altar_island,
          first_ration, serial_park_tiny_1
D:3:      lemuel_coloured_pillars_altar, nicolae_ru_great_annihilating_truth
D:5:      kennysheep_mini_moat, uniq_edmund
D:6:      uniq_pikel
D:7:      lemuel_doored_altar, minmay_temple_entry_statues_pillars,
          uniq_menkaure
D:8:      grunt_temple_overflow_open, serial_shops, nicolae_shop_behind_doors
Temple:   chequers_temple_sunken

Skill      XL: |  1  2  3  4  5  6  7  8  9 |
---------------+----------------------------+-----
Spellcasting   | 3 4 5 7 8 9 |  9.8
Conjurations   | 4 5 7 8 9 |  9.9
Dodging        | |  1.5
Stealth        | |  1.5

Action                   |  1- 3 |  4- 6 |  7- 9 || total
-------------------------+-------+-------+-------++-------
Melee: Unarmed           |     1 |       |       ||     1
       Dagger            |       |       |     4 ||     4
 Fire: Hunting sling     |    81 |   117 |    26 ||   224
 Cast: Magic Dart        |    62 |    38 |       ||   100
       Searing Ray       |     1 |       |       ||     1
       Iskenderun's Myst |       |    33 |   150 ||   183
Invok: Divine Energy     |       |     1 |       ||     1
  Use: Scroll            |       |     7 |       ||     7
Armor: Robe              |     9 |    18 |    22 ||    49
Dodge: Dodged            |    32 |    56 |    50 ||   138

Table legend:
 A = Spawn XP
 B = Non-spawn XP
 C = Spawn XP percentage of total XP
 D = Spawn monster count
 E = Non-spawn monster count
 F = Spawn count percentage of total count
 G = Total turns spent on level
                    A         B        C        D         E        F      G
               +---------+---------+-------+---------+---------+-------+---------
         Total |       0 |    4533 |   0.0 |       0 |     161 |   0.0 |  6979
               +---------+---------+-------+---------+---------+-------+---------
           D:1 |       0 |      73 |   0.0 |       0 |      38 |   0.0 |   819
           D:2 |       0 |      31 |   0.0 |       0 |      16 |   0.0 |  1036
           D:3 |       0 |     154 |   0.0 |       0 |      21 |   0.0 |  1087
           D:4 |       0 |     486 |   0.0 |       0 |      32 |   0.0 |  1143
           D:5 |       0 |    1107 |   0.0 |       0 |      16 |   0.0 |  1153
           D:6 |       0 |    1292 |   0.0 |       0 |      10 |   0.0 |   653
           D:7 |       0 |     445 |   0.0 |       0 |       5 |   0.0 |   622
           D:8 |       0 |     945 |   0.0 |       0 |      23 |   0.0 |   464
               +---------+---------+-------+---------+---------+-------+---------
